[ AOE2 MATCH · #513770552 ]
UnrankedArmenians vs Malians
Player's team · LOSS
Rival team · WIN
[ REPLAY ANALYSIS · EXTRACTED FROM THE RECORDED GAME ]
Feudal
11:47
Castle
38:43
Imperial
—
| APM avg | 25.2 |
| APM peak | 61 |
| eAPM avg | 14.0 |
| Villagers / military | 100 / 74 |
Focus
⚔️ 26.1% · 🌾 73.9%
Militia ×55 · Skirmisher ×8 · Battering Ram ×8 · Composite Bowman ×2 · Scout Cavalry ×1
Feudal
11:03
Castle
21:11
Imperial
—
| APM avg | 24.9 |
| APM peak | 78 |
| eAPM avg | 13.2 |
| Villagers / military | 70 / 75 |
Focus
⚔️ 36.4% · 🌾 63.6%
Archer ×34 · Gbeto ×22 · Militia ×9 · Battering Ram ×7 · Knight ×3
Match map
Initial resources + every placement click. Lines = walls · curves = elevation contours. ◆ gold · ⬟ stone · ● berries · ✦ relic · ◌ wall gap
Your base· Open — unwalled flank
albaevaarina0's base· Open — unwalled flank
Smoothed initial terrain · ◌ = detected wall gap · hover for details
Inputs per minute
— pengel_tz - - albaevaarina0
Build order — pengel_tz
First 150 of 280 actions detected
| 0:01 | queue | Villager (Male) |
| 0:01 | queue | Villager (Male) |
| 0:01 | queue | Villager (Male) |
| 0:01 | queue | Villager (Male) |
| 0:02 | Build | House |
| 0:04 | Build | House |
| 1:40 | Build | Palisade Wall |
| 1:53 | queue | Villager (Male) |
| 1:53 | queue | Villager (Male) |
| 2:12 | queue | Villager (Male) |
| 2:12 | queue | Villager (Male) |
| 2:37 | Build | Mule Cart |
| 2:41 | queue | Villager (Male) |
| 2:41 | queue | Villager (Male) |
| 3:21 | queue | Villager (Male) |
| 3:36 | queue | Villager (Male) |
| 4:02 | queue | Villager (Male) |
| 4:44 | queue | Villager (Male) |
| 4:44 | queue | Villager (Male) |
| 4:53 | Research | Loom |
| 4:53 | queue | Villager (Male) |
| 4:56 | Build | House |
| 5:29 | queue | Villager (Male) |
| 5:29 | queue | Villager (Male) |
| 5:56 | queue | Villager (Male) |
| 6:18 | queue | Villager (Male) |
| 6:26 | Build | Mill |
| 7:20 | queue | Villager (Male) |
| 7:36 | Build | Mill |
| 7:41 | queue | Villager (Male) |
| 8:22 | Build | House |
| 8:22 | Build | House |
| 8:27 | queue | Villager (Male) |
| 8:28 | queue | Villager (Male) |
| 9:05 | Build | Barracks |
| 9:37 | Research | Feudal Age |
| 10:17 | queue | Militia |
| 10:18 | queue | Militia |
| 10:41 | queue | Villager (Male) |
| 10:51 | queue | Militia |
| 11:10 | Build | Mule Cart |
| 11:35 | queue | Militia |
| 11:35 | queue | Militia |
| 11:36 | queue | Villager (Male) |
| 11:39 | Build | Barracks |
| 11:47 | Age | Feudal Age |
| 11:52 | Research | Man-at-Arms (upgrade) |
| 12:28 | queue | Villager (Male) |
| 12:28 | queue | Villager (Male) |
| 12:33 | queue | Villager (Male) |
| 13:00 | Research | Long Swordsman (upgrade) |
| 13:20 | queue | Villager (Male) |
| 13:27 | Research | Horse Collar |
| 13:43 | queue | Militia |
| 13:43 | queue | Militia |
| 13:56 | queue | Villager (Male) |
| 13:57 | queue | Villager (Male) |
| 14:00 | Build | House |
| 14:05 | Build | Blacksmith |
| 14:07 | Build | House |
| 14:08 | Build | House |
| 14:13 | queue | Villager (Male) |
| 14:28 | queue | Militia |
| 14:34 | queue | Villager (Male) |
| 15:00 | queue | Villager (Male) |
| 15:07 | queue | Militia |
| 15:07 | queue | Militia |
| 15:21 | Build | Farm |
| 15:22 | Build | Farm |
| 15:23 | Build | Farm |
| 15:45 | Build | House |
| 15:55 | Build | Farm |
| 16:04 | Build | Farm |
| 16:06 | Build | Farm |
| 16:09 | Build | Farm |
| 16:15 | Build | Farm |
| 16:35 | Build | Farm |
| 16:46 | queue | Villager (Male) |
| 17:21 | Research | Arson |
| 17:28 | Build | Farm |
| 17:29 | queue | Villager (Male) |
| 17:34 | Build | Farm |
| 17:35 | Build | Farm |
| 18:28 | queue | Villager (Male) |
| 18:28 | queue | Villager (Male) |
| 18:29 | queue | Militia |
| 18:30 | queue | Militia |
| 18:49 | queue | Militia |
| 18:50 | queue | Militia |
| 19:00 | Build | Farm |
| 19:06 | Build | Farm |
| 19:15 | Build | Farm |
| 19:17 | queue | Villager (Male) |
| 19:20 | queue | Militia |
| 19:20 | queue | Militia |
| 19:29 | queue | Militia |
| 19:29 | queue | Militia |
| 19:48 | queue | Villager (Male) |
| 19:55 | Build | Mule Cart |
| 20:00 | Build | Stable |
| 20:03 | Build | Mule Cart |
| 20:08 | queue | Villager (Male) |
| 20:08 | queue | Villager (Male) |
| 20:26 | queue | Villager (Male) |
| 20:26 | queue | Villager (Male) |
| 20:49 | queue | Militia |
| 20:49 | queue | Militia |
| 21:14 | queue | Militia |
| 21:14 | queue | Militia |
| 21:19 | queue | Militia |
| 21:19 | queue | Militia |
| 21:38 | queue | Militia |
| 21:38 | queue | Militia |
| 21:39 | queue | Villager (Male) |
| 21:40 | queue | Villager (Male) |
| 21:57 | queue | Villager (Male) |
| 21:57 | queue | Villager (Male) |
| 22:08 | Build | Watch Tower |
| 22:34 | queue | Villager (Male) |
| 22:36 | queue | Militia |
| 22:36 | queue | Militia |
| 22:41 | queue | Villager (Male) |
| 22:49 | queue | Militia |
| 22:49 | queue | Militia |
| 23:16 | Build | Farm |
| 23:17 | Build | Farm |
| 23:18 | Build | Farm |
| 23:19 | Build | Farm |
| 23:29 | Build | Watch Tower |
| 23:31 | Build | House |
| 23:33 | Build | House |
| 23:34 | Build | House |
| 23:35 | Build | House |
| 23:38 | queue | Villager (Male) |
| 24:14 | Build | Watch Tower |
| 24:16 | Build | Watch Tower |
| 24:23 | queue | Militia |
| 24:23 | queue | Militia |
| 24:24 | queue | Villager (Male) |
| 24:32 | Research | Scale Mail Armor |
| 24:32 | Research | Forging |
| 24:35 | queue | Militia |
| 24:39 | Build | House |
| 24:48 | queue | Villager (Male) |
| 25:19 | queue | Militia |
| 25:19 | queue | Militia |
| 25:27 | Build | Archery Range |
| 25:28 | Build | Archery Range |
| 25:37 | Research | Double-Bit Axe |
| 25:52 | Build | Mule Cart |
Build order — albaevaarina0
First 150 of 241 actions detected
| 0:02 | Build | House |
| 0:05 | Build | House |
| 0:06 | queue | Villager (Male) |
| 0:06 | queue | Villager (Male) |
| 0:06 | queue | Villager (Male) |
| 0:06 | queue | Villager (Male) |
| 0:06 | queue | Villager (Male) |
| 1:13 | queue | Villager (Male) |
| 1:41 | queue | Villager (Male) |
| 2:10 | queue | Villager (Male) |
| 2:33 | queue | Villager (Male) |
| 2:42 | Build | House |
| 2:59 | queue | Villager (Male) |
| 3:06 | Build | Barracks |
| 3:36 | queue | Villager (Male) |
| 4:21 | queue | Militia |
| 4:24 | Build | House |
| 4:43 | queue | Militia |
| 4:44 | queue | Militia |
| 5:00 | Build | Lumber Camp |
| 5:10 | queue | Villager (Male) |
| 5:24 | queue | Villager (Male) |
| 5:46 | queue | Villager (Male) |
| 5:46 | queue | Villager (Male) |
| 6:47 | queue | Villager (Male) |
| 6:50 | Build | Mining Camp |
| 8:11 | Build | Mill |
| 8:20 | Research | Loom |
| 8:37 | Build | House |
| 8:53 | Research | Feudal Age |
| 9:19 | queue | Militia |
| 9:41 | queue | Militia |
| 10:13 | queue | Militia |
| 10:20 | Build | Mill |
| 10:42 | queue | Villager (Male) |
| 10:42 | queue | Villager (Male) |
| 10:42 | queue | Villager (Male) |
| 11:03 | Age | Feudal Age |
| 11:07 | Research | Man-at-Arms (upgrade) |
| 11:13 | Build | House |
| 11:14 | Build | House |
| 11:19 | queue | Villager (Male) |
| 11:19 | queue | Villager (Male) |
| 12:09 | queue | Militia |
| 12:36 | queue | Militia |
| 12:40 | queue | Villager (Male) |
| 12:41 | queue | Villager (Male) |
| 12:41 | queue | Villager (Male) |
| 12:46 | Build | Farm |
| 12:47 | Build | Farm |
| 12:48 | Build | Farm |
| 12:49 | Build | Farm |
| 13:16 | Build | Blacksmith |
| 13:22 | queue | Villager (Male) |
| 13:23 | queue | Villager (Male) |
| 13:23 | queue | Villager (Male) |
| 13:45 | queue | Militia |
| 14:01 | queue | Villager (Male) |
| 14:16 | Build | House |
| 14:23 | Build | Palisade Wall |
| 14:31 | Build | Farm |
| 14:33 | queue | Villager (Male) |
| 14:34 | queue | Villager (Male) |
| 14:34 | queue | Villager (Male) |
| 14:34 | queue | Villager (Male) |
| 15:08 | Build | Farm |
| 15:42 | Build | House |
| 16:13 | Build | Market |
| 16:17 | Build | House |
| 16:21 | Build | Farm |
| 16:41 | Build | House |
| 16:43 | Build | House |
| 16:49 | Build | Palisade Wall |
| 17:03 | Build | Farm |
| 17:06 | Build | Farm |
| 17:22 | Build | Farm |
| 18:25 | Build | Archery Range |
| 18:32 | Research | Castle Age |
| 18:54 | Build | Archery Range |
| 19:02 | Research | Double-Bit Axe |
| 19:19 | Research | Horse Collar |
| 19:45 | Build | Blacksmith |
| 19:51 | queue | Archer |
| 19:51 | queue | Archer |
| 19:51 | queue | Archer |
| 20:00 | queue | Villager (Male) |
| 20:01 | queue | Villager (Male) |
| 20:21 | Build | House |
| 20:27 | Build | Palisade Wall |
| 20:54 | Research | Fletching |
| 20:58 | queue | Archer |
| 20:59 | queue | Archer |
| 20:59 | queue | Archer |
| 21:11 | Age | Castle Age |
| 21:23 | queue | Archer |
| 21:24 | queue | Archer |
| 22:27 | Build | Farm |
| 22:50 | Research | Crossbowman (upgrade) |
| 23:03 | Build | Farm |
| 23:37 | queue | Archer |
| 23:37 | queue | Archer |
| 23:37 | queue | Archer |
| 23:38 | queue | Archer |
| 23:43 | Build | House |
| 24:04 | Build | Farm |
| 24:07 | Build | Farm |
| 24:21 | queue | Villager (Male) |
| 24:22 | queue | Villager (Male) |
| 24:22 | queue | Villager (Male) |
| 24:22 | queue | Villager (Male) |
| 24:39 | Build | Farm |
| 24:42 | Build | Farm |
| 25:11 | Build | Lumber Camp |
| 25:33 | queue | Villager (Male) |
| 25:33 | queue | Villager (Male) |
| 25:33 | queue | Villager (Male) |
| 25:34 | queue | Villager (Male) |
| 25:34 | queue | Villager (Male) |
| 26:12 | Build | House |
| 26:14 | Build | House |
| 26:52 | queue | Villager (Male) |
| 26:53 | queue | Villager (Male) |
| 26:53 | queue | Villager (Male) |
| 26:59 | Build | House |
| 27:11 | Build | Town Center |
| 27:23 | Build | Farm |
| 27:27 | queue | Villager (Male) |
| 27:27 | queue | Villager (Male) |
| 27:27 | queue | Villager (Male) |
| 27:28 | queue | Villager (Male) |
| 27:38 | Research | Padded Archer Armor |
| 28:01 | Build | Farm |
| 28:05 | Build | House |
| 28:07 | Build | House |
| 28:08 | Build | House |
| 28:21 | Build | House |
| 28:27 | queue | Villager (Male) |
| 28:27 | queue | Villager (Male) |
| 28:27 | queue | Villager (Male) |
| 28:27 | queue | Villager (Male) |
| 28:37 | queue | Archer |
| 28:37 | queue | Archer |
| 29:04 | queue | Villager (Male) |
| 29:05 | queue | Villager (Male) |
| 29:05 | queue | Villager (Male) |
| 29:05 | queue | Villager (Male) |
| 29:16 | queue | Archer |
| 29:17 | queue | Archer |
| 29:17 | queue | Archer |
| 29:17 | queue | Archer |
Match timeline
| 1:40 | pengel_tz · wall_segment Palisade Wall x1 |
| 3:06 | albaevaarina0 · first_building Barracks |
| 9:05 | pengel_tz · first_building Barracks |
| 11:03 | albaevaarina0 · age_up feudal |
| 11:47 | pengel_tz · age_up feudal |
| 14:23 | albaevaarina0 · wall_segment Palisade Wall x7 |
| 16:49 | albaevaarina0 · wall_segment Palisade Wall x4 |
| 18:25 | albaevaarina0 · first_building Archery Range |
| 20:00 | pengel_tz · first_building Stable |
| 20:27 | albaevaarina0 · wall_segment Palisade Wall x1 |
| 21:11 | albaevaarina0 · age_up castle |
| 25:27 | pengel_tz · first_building Archery Range |
| 30:55 | albaevaarina0 · first_building Siege Workshop |
| 32:07 | albaevaarina0 · first_building Stable |
| 35:55 | pengel_tz · first_market_sell 500 wood |
| 35:58 | pengel_tz · first_market_buy 100 food |
| 37:30 | albaevaarina0 · first_building Castle |
| 38:43 | pengel_tz · age_up castle |
| 39:14 | pengel_tz · first_building Castle |
| 40:53 | pengel_tz · first_building Siege Workshop |
| 42:54 | pengel_tz · first_building Monastery |
| 43:17 | albaevaarina0 · first_market_sell 100 wood |
| 45:55 | pengel_tz · resign |
[ AI ANALYSIS · 1 CREDIT ]
What really happened in this match?
Wolo.gg analyzes every decision: build order, eco, micro, common mistakes by bracket. Personalized analysis on WhatsApp or Discord in 30 seconds.
Civ guide
Armenians
Perfil
Jugador #14537234